 Dungeon Crawl Stone Soup version 0.26-a0-1101-g8f9f7f7418 (webtiles) character file.

Game seed: 10640639733612822145

303 tilp the Changer (level 6, 0/39 HPs)
             Began as an Octopode Transmuter on Dec 15, 2020.
             Was an Initiate of Ru.
             Killed from afar by an orc wizard (8 damage)
             ... with a puff of frost
             ... on level 4 of the Dungeon.
             The game lasted 00:08:04 (4678 turns).

tilp the Changer (Octopode Transmuter)              Turns: 4678, Time: 00:08:05

Health: 0/39       AC:  1    Str: 10    XL:     6   Next: 38%
Magic:  18/18      EV: 13    Int: 17    God:    Ru [......]
Gold:   201        SH:  5    Dex: 12    Spells: 7/10 levels left

rFire    . . .     SeeInvis .     - Unarmed
rCold    . . .     Faith    .   (no shield)
rNeg     . . .     Spirit   .   (helmet currently unavailable)
rPois    .         Reflect  +   u - amulet of reflection (curse)
rElec    .         Harm     .   p - ring of magical power
rCorr    .         Rampage  .   s - ring of flight
Will     .....                  (no ring)
Stlth    +++.......             (no ring)
HPRegen  0.13/turn              (no ring)
MPRegen  0.16/turn              (no ring)
                                (no ring)
                                (no ring)

@: appendages (expiring), wereblooded (expiring)
A: almost no armour, stealthy swim, amphibious, 8 rings, constrict 8, tentacle
spike 3, camouflage 1, gelatinous body 1
a: End Transformation, Renounce Religion, Evoke Flight


You were on level 4 of the Dungeon.
You worshipped Ru.
Ru was noncommittal.
One of your tentacles had a temporary spike.
You visited 2 branches of the dungeon, and saw 5 of its levels.

You collected 201 gold pieces.

Inventory:

Missiles
 b - 145 stones
 m - 2 boomerangs (quivered)
Armour
 h - a +2 hat (melded)
 t - a +0 kite shield
Jewellery
 p - a ring of magical power (left tentacle)
 s - a ring of flight (right tentacle)
 u - a cursed amulet of reflection (around mantle)
Wands
 e - a wand of enslavement (6)
Scrolls
 d - 3 scrolls of remove curse
 g - a scroll of fear
 i - a scroll of blinking {unknown}
 o - a scroll of enchant armour
Potions
 a - 4 potions of curing
 c - a potion of haste
 f - a potion of attraction
 j - 2 potions of brilliance
 k - 2 potions of cancellation
 l - a potion of might
 q - a potion of ambrosia
 r - a potion of magic {unknown}


   Skills:
 - Level 2.0 Fighting
 - Level 2.0 Dodging
 - Level 4.0 Stealth
 - Level 4.0 Unarmed Combat
 + Level 2.5 Spellcasting
 + Level 4.4 Transmutations


You had 7 spell levels left.
You knew the following spells:

 Your Spells              Type           Power        Failure   Level
a - Beastly Appendage     Tmut           ###...       3%          1
b - Wereblood             Tmut           ###.....     4%          2

Your spell library contained the following spells:

 Spells                   Type           Power        Failure   Level
 Spider Form              Tmut/Pois      #.........   22%         3
 Ice Form                 Ice/Tmut       #.......     58%         4
 Blade Hands              Tmut           ###.......   63%         5


Dungeon Overview and Level Annotations

Branches:
Dungeon (4/15)             Temple (1/1) D:4

Altars:
Ashenzari
Cheibriados
Elyvilon
Fedhas
Hepliaklqana
Makhleb
Nemelex Xobeh
Okawaru
Qazlal
Ru
Sif Muna
Uskayaw
Vehumet
Xom
Yredelemnul
The Shining One

Annotations:
D:2 dig vault (rc)
D:3 3 runed translucent doors, Dracia's ghost, amateur KoEn
D:4 Sigmund


Innate Abilities, Weirdness & Mutations

You cannot wear most types of armour.
You are very stealthy in the water. (Stealth+)
You are amphibious.
You can wear up to eight rings at the same time.
You can use your tentacles to constrict eight enemies at once.
Your skin changes colour to match your surroundings (Stealth+).
Your rubbery body absorbs attacks. (AC +1, EV +1)
One of your tentacles bears a large vicious spike.


Message History

A puff of frost appears from out of thin air!
The puff of frost misses you.
You closely miss the orc wizard. Your grab misses the orc wizard.
The orc wizard is heavily wounded.
Something hits you but does no damage.
The orc wizard points at you and mumbles some strange words.
The magic dart hits you!
* * * LOW HITPOINT WARNING * * *
Something hits you.
* * * LOW HITPOINT WARNING * * *
You barely miss the orc wizard. Your grab misses the orc wizard.
You pierce the orc wizard.
You squeeze the orc wizard!
You kill the orc wizard!
Something hits you.
* * * LOW HITPOINT WARNING * * *
You barely miss something.
You hear some strange, mumbled words.
A puff of frost appears from out of thin air!
The puff of frost hits you!
You die...

#### ##..### #..###
#..## ##...## ##..##
#....## ##....##
###)..####..#...##
##.......#..#.....#
##...........#......
##........##.........
#...@)....###........
##..{.....## #........
#......)..# ##........
#.........# #.........
#....)...####.........
##.......# #>.........
#......)# #..........
##.....####..........
#.....# #...........


There were no monsters in sight!

Vanquished Creatures
  An orc wizard (D:4)
  2 hounds
  A bullfrog skeleton (D:4)
  A worker ant (D:4)
  6 adders
  2 oozes
  An adder skeleton (D:4)
  3 worms
  2 dart slugs (D:1)
  4 leopard geckos
  6 orcs
  6 giant cockroaches
  8 goblins
  4 hobgoblins
  4 jackals (D:1)
  8 kobolds
  2 quokkas
  8 bats
  4 frilled lizards
  A quokka skeleton (D:4)
  9 rats
83 creatures vanquished.

Notes
Turn   | Place    | Note
-------+----------+-------------------------------------------
     0 | D:1      | tilp the Octopode Transmuter began the quest for the Orb.
     0 | D:1      | Reached XP level 1. HP: 13/13 MP: 3/3
   323 | D:1      | Reached XP level 2. HP: 10/18 MP: 3/5
   444 | D:1      | Learned a level 2 spell: Wereblood
   723 | D:1      | Reached XP level 3. HP: 17/23 MP: 3/6
  1431 | D:2      | Reached XP level 4. HP: 16/28 MP: 5/7
  1696 | D:2      | Reached skill level 1 in Stealth
  1783 | D:2      | Found a faded altar of an unknown god.
  2904 | D:3      | Reached XP level 5. HP: 29/34 MP: 6/8
  3209 | D:3      | Found a runed translucent gate.
  3209 | D:3      | Found a runed translucent gate.
  3209 | D:3      | Found a runed translucent gate.
  3211 | D:3      | Noticed Dracia's ghost (amateur KoEn)
  3841 | D:4      | Found a stormy altar of Qazlal.
  3852 | D:4      | Found an iron altar of Okawaru.
  3952 | D:4      | Noticed Sigmund
  4091 | D:4      | Reached XP level 6. HP: 36/39 MP: 9/9
  4200 | D:4      | Found a staircase to the Ecumenical Temple.
  4206 | Temple   | Entered the Ecumenical Temple
  4487 | Temple   | Became a worshipper of Ru the Awakened
  4678 | D:4      | Killed from afar by an orc wizard

Illustrated notes

Levels and vault maps discovered:
D:1:      dpeg_arrival_pits, layout_rooms, serial_bayou, serial_bayou_crossing,
          serial_bayou_shore_a, serial_bayou_pond_a, serial_bayou_pond_a
D:2:      layout_rooms, chequers_ecumenical_altar_simple_redux,
          minmay_surrounded
D:3:      layout_loops_ring, gammafunk_ghost_necromancy
D:4:      layout_cave_pods, nicolae_qazlal_general_emergency, kennysheep_mini,
          minmay_temple_entry_hall, guppyfry_early_lair_pool, uniq_sigmund
Temple:   dpeg_chambers_temple

Skill      XL: |  1  2  3  4  5 |
---------------+----------------+-----
Transmutations | 3 4 |  4.4
Stealth        | 2 4 |  4.0
Fighting       | 2 |  2.0
Unarmed Combat | 4 |  4.0
Dodging        | |  2.0
Spellcasting   | |  2.5

Action                   |  1- 3 |  4- 6 || total
-------------------------+-------+-------++-------
Melee: Unarmed           |    65 |   118 ||   183
       Constrict         |    25 |    33 ||    58
       Kick              |    19 |    26 ||    45
       Tentacles         |     5 |    11 ||    16
       Punch             |       |     3 ||     3
Throw: Stone             |       |     2 ||     2
       Boomerang         |       |     1 ||     1
 Cast: Beastly Appendage |    16 |    32 ||    48
       Wereblood         |     2 |     1 ||     3
  Use: Scroll            |     2 |    11 ||    13
 Stab: Sleeping          |     5 |    15 ||    20
Armor: Skin              |     7 |     7 ||    14
Dodge: Dodged            |    36 |    57 ||    93

Table legend: (Time is in decaauts)
 A = Elapsed time spent in this place.
 B = Non-inter-level travel time spent in this place.
 C = Inter-level travel time spent in this place.
 D = Time resting spent in this place.
 E = Time spent auto-exploring this place.
 F = Levels seen in this place.
 G = Mean time per level.
                   A        B        C        D        E       F      G
               +--------+--------+--------+--------+--------+-----+--------+
         Total |   4667 |   4480 |    187 |   1537 |   2181 |   5 |  933.4 |
       Dungeon |   4364 |   4237 |    127 |   1537 |   1940 |   4 | 1091.0 |
        Temple |    303 |    243 |     60 |      0 |    241 |   1 |  303.0 |
               +--------+--------+--------+--------+--------+-----+--------+

Top non-repeatable levels by time:
     D:3: 1746 daAuts
     D:1: 1298 daAuts
     D:2: 813 daAuts
     D:4: 506 daAuts
  Temple: 303 daAuts
